 Dungeon Crawl Stone Soup version 0.28-b1-70-g80dc712255 (webtiles) character file.

Game seed: 6175730208313369974

11207 crazypyro the Cleaver (level 11, -5/84 HPs)
             Began as a Demonspawn Fighter on Feb 3, 2022.
             Was an Initiate of Gozag.
             Killed by divine providence
             ... invoked by a smoke demon
              (11 damage)
             ... on level 1 of the Abyss.
             The game lasted 00:19:56 (13012 turns).

crazypyro the Cleaver (Demonspawn Fighter)         Turns: 13012, Time: 00:19:56

Health: -5/84      AC: 24    Str: 20      XL:     11   Next: 46%
Magic:  0/11       EV:  7    Int:  6 (8)  God:    Gozag
Gold:   911        SH:  5    Dex: 11      Spells: 10/10 levels left

rFire   . . .      SeeInvis .   x - +1 broad axe
rCold   . . .      Faith    .   c - +0 buckler
rNeg    . . .      Spirit   +   h - +1 plate armour
rPois   +          Reflect  .   L - +1 hat
rElec   .          Harm     .   l - +2 cloak {rPois}
rCorr   +          Rampage  .   J - +0 pair of gloves
Will    +....                   I - +0 pair of boots
Stlth   ..........              (no amulet)
HPRegen 0.24/turn               u - ring of willpower
MPRegen 0.24/turn               e - ring of resist corrosion

@: mighty, about to teleport, studying Long Blades, very slow
A: horns 2, molten scales 2, spiny 2, magic shield, magic regeneration, clumsy
1, dopey 1
a: Renounce Religion, Potion Petition, Call Merchant, Bribe Branch


You were on level 1 of the Abyss.
You worshipped Gozag.
Gozag was pleased with you.
You visited 2 branches of the dungeon, and saw 11 of its levels.
You visited the Abyss 1 time.
You also visited: Sewer and Ossuary.

You collected 1873 gold pieces.
You spent 260 gold pieces at shops.
You paid 702 gold pieces to Gozag.

Inventory:

Hand Weapons
 a - a +1 war axe
 w - a +0 morningstar
 x - a +1 broad axe (weapon)
 B - a +0 whip of venom
 G - a +2 scimitar of flaming
Missiles
 y - a throwing net (quivered)
Armour
 c - a +0 buckler (worn)
 h - a +1 plate armour (worn)
 l - a +2 cloak of poison resistance (worn)
 I - a +0 pair of boots (worn)
 J - a +0 pair of gloves (worn)
 L - a +1 hat (worn)
Jewellery
 e - a ring of resist corrosion (right hand)
 u - a ring of willpower (left hand)
 v - a ring of protection from cold
 z - a +4 ring of protection
 M - a ring of ice
Wands
 r - a wand of acid (5)
 F - a wand of flame (29)
Scrolls
 f - 5 scrolls of identify
 g - 5 scrolls of teleportation
 i - a scroll of summoning
 s - 4 scrolls of blinking
 A - 2 scrolls of fog
 C - 2 scrolls of amnesia
 D - a scroll of enchant weapon
 H - a scroll of enchant armour
 K - a scroll of fear {unknown}
Potions
 b - 6 potions of curing
 k - 4 potions of flight
 m - a potion of resistance
 n - a potion of lignification
 o - 3 potions of brilliance
 p - 3 potions of invisibility
 q - 2 potions of berserk rage {unknown}
 t - 2 potions of ambrosia {unknown}
 E - a potion of haste {unknown}


   Skills:
 + Level 7.3 Fighting
 * Level 11.4 Axes
 + Level 6.9 Armour
 - Level 6.3 Dodging
 - Level 5.3 Shields
 + Level 4.4 Evocations


You had 10 spell levels left.
You didn't know any spells.
Your spell library contained the following spells:

 Spells                   Type           Power      Damage    Failure   Level
 Sandblast                Erth           0%         2d4       100%        1
 Shock                    Conj/Air       0%         1d3       100%        1
 Passwall                 Tmut/Erth      0%         N/A       100%        2
 Stone Arrow              Conj/Erth      0%         3d7       100%        3
 Swiftness                Air            0%         N/A       100%        3
 Airstrike                Air            0%         N/A       100%        4
 Cause Fear               Hex            0%         N/A       100%        4
 Hailstorm                Conj/Ice       0%         3d3       100%        4
 Ice Form                 Ice/Tmut       0%         N/A       100%        4
 Simulacrum               Ice/Necr       0%         N/A       100%        6
 Dragon Form              Tmut           0%         N/A       100%        7
 Chain Lightning          Conj/Air       0%         N/A       100%        9
 Dragon's Call            Summ           0%         N/A       100%        9
 Fire Storm               Conj/Fire      0%         5d1       100%        9
 Shatter                  Erth           0%         3d5*      100%        9


Dungeon Overview and Level Annotations

Branches:
Dungeon (10/15)            Temple (0/1) D:5            Lair (0/6) D:10
    Orc (1/2) D:10          Sewer (visited)         Ossuary (visited)

Altars:
Cheibriados
Dithmenos
Gozag
Hepliaklqana
Kikubaaqudgha
Nemelex Xobeh
Okawaru
Sif Muna
Trog
Uskayaw
Xom
Yredelemnul
Zin

Shops:
D:4 *   D:5 !   D:6 (   D:9 *

Annotations:
D:10 1 runed translucent door, ISoar's ghost, novice DrCA; Sonja


Innate Abilities, Weirdness & Mutations

You have a pair of horns on your head.
You are mostly covered in molten scales. (AC +3)
You are mostly covered in sharp spines.
When hurt, damage is shared between your health and your magic reserves.
You regenerate magic rapidly.
You are clumsy. (Dex -2)
You are dopey. (Int -2)


Message History

You feel strangely unstable.
You feel the power of the Abyss delaying your translocation!
You are engulfed in a cloud of scalding steam.
* * * LOW HITPOINT WARNING * * *
The smoke demon closely misses you. You block the smoke demon's attack.
The smoke demon hits you but does no damage.
The neqoxec is struck by your spines.
The neqoxec hits you but does no damage.
You are engulfed in a cloud of scalding steam.
* * * LOW HITPOINT WARNING * * *
The neqoxec hits you but does no damage.
A neqoxec comes into view.
The smoke demon gestures at you.
The sticky flame hits you but does no damage.
The neqoxec is engulfed in a cloud of scalding steam.
The neqoxec hits you but does no damage.
The neqoxec is engulfed in a cloud of scalding steam.
The smoke demon is struck by your spines.
The smoke demon hits you but does no damage.
You block the smoke demon's attack. The smoke demon barely misses you.
The neqoxec gestures at you.
You feel dopey. Something feeds on your intellect! The smoke demon hits you.
* * * LOW HITPOINT WARNING * * *
The smoke demon barely misses you.
The smoke demon hits you but does no damage.
The neqoxec gestures at you.
Something tries to feed on your intellect!
The smoke demon hits you but does no damage. x3
The smoke demon gestures at you. Something smites you!
* * * LOW HITPOINT WARNING * * *
The neqoxec gestures at you.
Strange energies course through your body.
You feel stupid. The smoke demon gestures at you. Something smites you!
You die...
Your body crumbles into a pile of gold.

≈#≈≈≈≈≈♣≈≈≈≈≈≈≈♣.
≈§§≈≈≈≈≈≈≈♣≈§≈≈≈
.≈≈≈≈≈≈≈♣#§≈≈≈≈≈
#≈≈≈≈#§♣≈≈≈≈≈≈≈≈
≈≈§≈≈≈3♣≈≈≈≈≈≈≈
§≈≈≈≈≈≈≈≈≈≈≈≈≈≈
≈≈≈≈≈≈3≈≈≈≈≈≈≈≈
≈≈≈≈≈≈≈3≈≈≈≈≈≈≈
≈≈≈≈≈≈≈@≈≈≈≈≈≈≈
≈≈≈≈≈≈≈≈≈≈≈≈≈≈≈
≈≈≈≈≈≈≈≈≈≈≈≈≈≈≈
≈≈≈≈≈≈≈≈≈≈≈≈≈≈≈
≈≈≈≈≈≈≈≈≈.≈≈≈≈≈
♣≈≈≈♣≈≈≈≈≈≈≈≈≈#
≈≈≈≈≈≈≈≈§§≈...#
≈♣≈≈≈≈≈≈≈≈..#..


You could see a smoke demon and 2 neqoxecs.

Vanquished Creatures
  Gastronok (D:9)
  A boulder beetle (D:8)
  Erolcha (D:9)
  Erica (D:9)
  3 two-headed ogres
  Urug (D:10)
  A will-o-the-wisp (Abyss:1)
  Joseph (D:8)
  A demonic crawler (Abyss:1)
  A troll (D:9)
  Grinder (D:4)
  2 wyverns
  5 yaks (D:10)
  A ynoxinul (Abyss:1)
  A steam dragon (D:9)
  An acid dragon (D:9)
  A large abomination (Abyss:1)
  2 sky beasts
  8 orc warriors
  A black bear (D:5)
  2 necrophages
  3 ogres
  3 centaurs
  3 small abominations (Abyss:1)
  3 kobold brigands
  A scorpion (D:5)
  A gnoll sergeant (D:6)
  4 bullfrogs
  A water moccasin zombie (D:5)
  7 wights (D:6)
  An electric eel (D:9)
  A howler monkey (D:10)
  3 bullfrog zombies
  4 centaur zombies
  2 jellies
  A quasit (Abyss:1)
  4 hounds
  4 orc priests
  A bullfrog skeleton (D:6)
  A gnoll shaman (D:9)
  Crazy Yiuf (D:2)
  A centaur skeleton (D:4)
  2 iguanas
  8 orc wizards
  A killer bee zombie (D:8)
  A hound skeleton (D:4)
  4 mummies
  15 gnolls
  A river rat (Sewer)
  9 adders
  2 white imps (D:8)
  An adder zombie (Ossuary)
  3 adder skeletons (D:4)
  3 worms
  4 dart slugs
  35 orcs
  11 endoplasms
  3 giant cockroaches
  A gnoll zombie (Ossuary)
  6 goblins
  16 hobgoblins
  12 jackals
  5 quokkas
  4 ball pythons
  2 bats (D:1)
  8 frilled lizards
  A goblin zombie (Ossuary)
  5 hobgoblin zombies
  A jackal zombie (D:7)
  16 kobolds
  5 kobold zombies (Ossuary)
  2 orc zombies (D:6)
  3 quokka zombies (Ossuary)
  8 rats
  4 rat zombies (Ossuary)
  A lurking horror (Abyss:1)
290 creatures vanquished.

Vanquished Creatures (others)
  6 foxfires (Abyss:1)
  A lurking horror (Abyss:1)
  2 withered plants (D:10)
9 creatures vanquished.

Grand Total: 299 creatures vanquished

Notes
Turn   | Place    | Note
-------+----------+-------------------------------------------
     0 | D:1      | crazypyro the Demonspawn Fighter began the quest for the
                  | Orb.
     0 | D:1      | Reached XP level 1. HP: 18/18 MP: 1/1
   317 | D:1      | Reached skill level 2 in Axes
   317 | D:1      | Gained mutation: You regenerate magic rapidly. [demonic
                  | ancestry]
   317 | D:1      | Reached XP level 2. HP: 20/24 MP: 2/2
   401 | D:1      | Found a faded altar of an unknown god.
   873 | D:2      | Gained mutation: You are partially covered in sharp spines.
                  | [demonic ancestry]
   873 | D:2      | Reached XP level 3. HP: 28/29 MP: 3/3
  1541 | D:2      | Gained mutation: You are partially covered in molten
                  | scales. (AC +2) [demonic ancestry]
  1541 | D:2      | Reached XP level 4. HP: 34/36 MP: 4/4
  1803 | D:2      | Found a runed translucent door.
  1804 | D:2      | Noticed Crazy Yiuf
  1917 | D:2      | Killed Crazy Yiuf
  2386 | D:3      | Found an ancient bone altar of Kikubaaqudgha.
  2438 | D:3      | Reached XP level 5. HP: 42/42 MP: 5/5
  2478 | D:3      | Reached skill level 3 in Axes
  3244 | D:4      | Found an opulent altar of Gozag.
  3255 | D:4      | Became a worshipper of Gozag Ym Sagoz the Greedy
  3478 | D:4      | Gained mutation: You have a pair of small horns on your
                  | head. [demonic ancestry]
  3478 | D:4      | Reached XP level 6. HP: 40/48 MP: 6/6
  3700 | D:4      | Found a glowing drain.
  3712 | Sewer    | Entered a sewer
  3788 | Sewer    | Reached skill level 1 in Dodging
  3928 | D:4      | Reached skill level 4 in Axes
  3928 | D:4      | Gained mutation: You are mostly covered in molten scales.
                  | (AC +3) [demonic ancestry]
  3928 | D:4      | Reached XP level 7. HP: 51/54 MP: 7/7
  3940 | D:4      | Noticed Grinder
  3948 | D:4      | Killed Grinder
  3949 | D:4      | Reached skill level 5 in Axes
  4230 | D:4      | You fall into a shaft and drop 3 floors!
  4284 | D:7      | Found a sand-covered staircase.
  4292 | Ossuary  | Entered an ossuary
  4661 | D:7      | Gained mutation: You have a pair of horns on your head.
                  | [demonic ancestry]
  4661 | D:7      | Reached XP level 8. HP: 57/60 MP: 8/8
  4686 | D:5      | Entered Level 5 of the Dungeon
  4694 | D:5      | Reached skill level 6 in Axes
  4929 | D:5      | Found a staircase to the Ecumenical Temple.
  5020 | D:5      | Found a sparkling altar of Nemelex Xobeh.
  5066 | D:4      | Found Zin's Purification Station.
  5545 | D:5      | Reached skill level 7 in Axes
  5727 | D:5      | Found a shimmering blue altar of Sif Muna.
  5960 | D:5      | Found Gueber Afaq's Distillery.
  6928 | D:6      | Reached skill level 8 in Axes
  6928 | D:6      | Reached skill level 5 in Dodging
  6928 | D:6      | Gained mutation: When hurt, damage is shared between your
                  | health and your magic reserves. [demonic ancestry]
  6928 | D:6      | Reached XP level 9. HP: 61/65 MP: 9/9
  7105 | D:6      | Found Wegrecad's Antique Weapon Boutique.
  7143 | D:6      | Bought a broad axe for 124 gold pieces
  8412 | D:8      | Found a snail-covered altar of Cheibriados.
  8452 | D:8      | Noticed a two-headed ogre
  8459 | D:8      | Killed a two-headed ogre
  8460 | D:8      | Reached skill level 5 in Fighting
  8460 | D:8      | Reached skill level 9 in Axes
  8653 | D:8      | Noticed a boulder beetle
  8679 | D:8      | Killed a boulder beetle
  8680 | D:8      | Reached skill level 5 in Armour
  8680 | D:8      | Reached skill level 5 in Shields
  8680 | D:8      | Reached XP level 10. HP: 34/74 MP: 3/10
  9092 | D:8      | Noticed Joseph
  9108 | D:8      | Killed Joseph
  9378 | D:8      | Found an iron altar of Okawaru.
  9434 | D:8      | Found a bloodstained altar of Trog.
  9625 | D:9      | Bought a silver wand for 136 gold pieces
  9639 | D:9      | Found a hide-covered altar of Uskayaw.
  9640 | D:9      | Found a basalt altar of Yredelemnul.
 10007 | D:9      | Noticed Erica
 10007 | D:9      | Noticed Erolcha
 10012 | D:9      | Killed Erica
 10013 | D:9      | Reached skill level 10 in Axes
 10013 | D:9      | Reached skill level 1 in Evocations
 10020 | D:9      | Killed Erolcha
 10519 | D:9      | Noticed a two-headed ogre
 10529 | D:9      | Killed a two-headed ogre
 10642 | D:9      | Found a hazy altar of Hepliaklqana.
 10646 | D:9      | Found a shimmering altar of Xom.
 11239 | D:9      | Gained mutation: You are mostly covered in sharp spines.
                  | [demonic ancestry]
 11239 | D:9      | Reached XP level 11. HP: 70/83 MP: 11/11
 11324 | D:9      | Noticed Gastronok
 11338 | D:9      | Killed Gastronok
 11503 | D:10     | Entered Level 10 of the Dungeon
 11565 | D:10     | Found a staircase to the Lair.
 11581 | D:10     | Noticed Urug
 11589 | D:10     | Killed Urug
 11590 | D:10     | Reached skill level 11 in Axes
 12073 | D:10     | Found a shadowy altar of Dithmenos.
 12101 | D:10     | Found a staircase to the Orcish Mines.
 12292 | D:10     | Noticed a two-headed ogre
 12298 | D:10     | Killed a two-headed ogre
 12525 | D:10     | Found a runed translucent door.
 12525 | D:10     | Noticed ISoar's ghost (novice DrCA)
 12740 | Orc:1    | Entered Level 1 of the Orcish Mines
 12740 | Orc:1    | Noticed Sonja
 12771 | D:10     | HP: 1/84 [Sonja (19)]
 12771 | D:10     | Cast into level 1 of the Abyss (Sonja)
 12771 | Abyss:1  | Found a corrupted altar of Lugonu.
 12940 | Abyss:1  | Noticed a tentacled starspawn
 12944 | Abyss:1  | Found a hide-covered altar of Uskayaw.
 12996 | Abyss:1  | Gained mutation: You are clumsy. (Dex -2) [a neqoxec]
 13001 | Abyss:1  | HP: 3/84 [smoke demon/ball of steam (14)]
 13011 | Abyss:1  | Gained mutation: You are dopey. (Int -2) [a neqoxec]
 13012 | Abyss:1  | Killed from afar by a smoke demon

Illustrated notes

Levels and vault maps discovered:
D:1:      nicolae_arrival_memento_mori, layout_basic,
          ebering_ecumenical_altar_webs, minmay_tripent
D:2:      layout_loops_ring, uniq_crazy_yiuf_cottage
D:3:      layout_loops_ring, nicolae_kikubaaqudgha_miasma_corner
D:4:      layout_cave_pools, grunt_gozag_breadcrumbs, zin_purify,
          portal_sewer_entry_d, minmay_manual_mandibuliform, uniq_grinder
D:5:      kennysheep_big_flooded_room, layout_basic,
          nicolae_sif_muna_little_library, nemelex_xobeh_ov_fountains_minmay,
          minmay_temple_entry_poolview, serial_shops, nicolae_square_shop,
          minmay_misc_feat_encased
D:6:      layout_basic, serial_shops, shop, minmay_mini_ossuary
D:7:      layout_loops_ring, enter_ossuary_3
D:8:      layout_rooms, overflow_temple_1_default,
          mainiacjoe_overflow_concentric_impassable, lightli_temple_of_fire,
          uniq_joseph
D:9:      layout_grid_maze, nicolae_overflow_hidden_temple,
          nicolae_lava_and_water, uniq_erica, uniq_erolcha, uniq_gastronok
D:10:     wander_river, layout_loops_cross, kennysheep_little_box, orc_david_3,
          gammafunk_ghost_grave, uniq_urug
Orc:1:    layout_caves, basic_altar, uniq_sonja
Abyss:1:  base:
D:13

Skill      XL: |  1  2  3  4  5  6  7  8  9 10 11 |
---------------+----------------------------------+-----
Axes           | 2 3 4 5 8 9 10 11 | 11.4
Shields        | 3 4 5 |  5.3
Armour         | 3 4 5 6 |  6.9
Fighting       | 4 5 6 7 |  7.3
Dodging        | 1 3 5 6 |  6.3
Evocations     | 3 4 |  4.4

Action                   |  1- 3 |  4- 6 |  7- 9 | 10-12 || total
-------------------------+-------+-------+-------+-------++-------
Melee: War axe           |    81 |   131 |   197 |       ||   409
       Headbutt          |       |     6 |    58 |    55 ||   119
       Broad axe         |       |       |    58 |   227 ||   285
Invok: Call Merchant     |       |       |       |     1 ||     1
  Use: Scroll            |     5 |     1 |    14 |     1 ||    21
       Potion            |       |     1 |     4 |     9 ||    14
 Stab: Distracted        |       |       |       |     1 ||     1
Armor: Scale mail        |    24 |       |       |       ||    24
       Plate armour      |    18 |    86 |   148 |   153 ||   405
Dodge: Dodged            |    27 |    32 |    79 |    73 ||   211
Block: Buckler           |    23 |    33 |    58 |    58 ||   172
